 Dungeon Crawl Stone Soup version 0.25-a0-576-g50b708a4c4 (webtiles) character file.

Game seed: 18010926037231309299, levelgen mode: deterministic

1426 Flugslaktarn the Chopper (level 8, -4/73 HPs)
             Began as a Deep Dwarf Fighter on Mar 1, 2020.
             Was a Follower of Makhleb.
             Slain by a wight
             ... wielding a cursed +0 halberd
              (8 damage)
             ... on level 7 of the Dungeon.
             The game lasted 00:02:08 (2452 turns).

Flugslaktarn the Chopper (Deep Dwarf Fighter)       Turns: 2452, Time: 00:02:09

Health: -4/73      AC:  9    Str: 23    XL:     8   Next: 44%
Magic:  5/5        EV:  7    Int:  8    God:    Makhleb [*.....]
Gold:   198        SH:  9    Dex: 12    Spells: 7/7 levels left

rFire    . . .     SeeInvis .   a - +0 war axe
rCold    . . .     Gourm    .   c - +0 kite shield
rNeg     . . .     Faith    .   b - +0 scale mail
rPois    +         Spirit   .   k - +0 helmet
rElec    .         Reflect  .   (no cloak)
rCorr    .         Harm     .   (no gloves)
MR       +....                  j - +0 pair of boots
Stlth    ..........             (no amulet)
HPRegen  0.00/turn              o - ring of poison resistance
MPRegen  0.09/turn              (no ring)

@: mighty, non-regenerating, heavily drained
A: damage resistance, heal wounds, sense surroundings 1, no regeneration
a: Heal Wounds, Renounce Religion


You were on level 7 of the Dungeon.
You worshipped Makhleb.
Makhleb was aware of your devotion.
You were not hungry.

You visited 1 branch of the dungeon, and saw 7 of its levels.

You collected 198 gold pieces.

Inventory:

Hand Weapons
 a - a +0 war axe (weapon)
 g - a +3 trident of distortion
   (You took it off an orc on level 5 of the Dungeon)
Armour
 b - a +0 scale mail (worn)
 c - a +0 kite shield (worn)
 j - a +0 pair of boots (worn)
   (You found it on level 6 of the Dungeon)
 k - a +0 helmet (worn)
   (You found it on level 2 of the Dungeon)
Jewellery
 o - a ring of poison resistance (left hand)
   (You took it off a kobold on level 1 of the Dungeon)
 r - a +2 ring of protection {unknown}
   (You found it on level 6 of the Dungeon)
Scrolls
 h - 3 scrolls of amnesia {unknown}
 m - a scroll of blinking {unknown}
 p - a scroll of enchant armour {unknown}
 q - a scroll of enchant weapon {unknown}
 s - a scroll of identify {unknown}
 t - a scroll of teleportation
 w - 2 scrolls of remove curse
Potions
 f - 2 potions of curing {unknown}
 i - 2 potions of flight {unknown}
 l - a potion of cancellation {unknown}
 n - a potion of resistance {unknown}
Comestibles
 e - 6 rations


   Skills:
 + Level 4.8(2.5) Fighting
 * Level 7.1(4.6) Axes
 + Level 5.7(3.4) Armour
 + Level 5.7(3.3) Shields
 + Level 4.6(2.3) Invocations


You had 7 spell levels left.
You didn't know any spells.
Your spell library was empty.

Dungeon Overview and Level Annotations

Branches:
Dungeon (7/15)
 Temple: D:4-7

Altars:
Ashenzari
Hepliaklqana
Makhleb
Sif Muna


Innate Abilities, Weirdness & Mutations

You are resistant to damage.
You can heal yourself by infusing magical energy.
You passively map a small area around you.
You do not regenerate.


Message History

You block the wight's attack.
The wight hits you from afar with a cursed +0 halberd.
* * * LOW HITPOINT WARNING * * *
The wight barely misses you.
Things that are here:
a +0 mace; a +0 leather armour Your shield prevents you from hitting the wight.
The wight is severely damaged.
Your shield and scale mail prevent you from hitting the wight.
You block the wight's attack.
The wight hits you with a cursed +0 halberd!
* * * LOW HITPOINT WARNING * * *
You block the wight's attack.
You hit the wight.
The wight is almost destroyed.
You closely miss the wight.
The wight hits you with a cursed +0 halberd.
* * * LOW HITPOINT WARNING * * *
The wight hits you with a cursed +0 halberd!
You die...

* ..##.##.#### *
#..........##. ,
*
##.#...........
#..#...........
,
#..##..........
#..<#..........
##.....).......,
,,
##....z)##......
#.....@z#.....##
,
#...##)).......#
,
##..*##.........
, , #.#
#......... , ##
##.......#,
....... , , *
*##.#### , ## ,
* , ,


You could see 2 wights.

Vanquished Creatures
  An orc warrior (D:7)
  A sky beast (D:6)
  2 ogres
  2 centaurs (D:6)
  2 bullfrogs
  7 wights
  A howler monkey (D:4)
  2 hounds (D:4)
  2 orc priests (D:5)
  2 iguanas
  4 orc wizards
  4 adders
  10 gnolls
  An ooze (D:6)
  A worm (D:2)
  2 dart slugs (D:2)
  4 leopard geckos
  8 orcs
  2 bats (D:2)
  3 giant cockroaches
  4 goblins
  4 hobgoblins
  2 jackals (D:7)
  4 kobolds
  4 quokkas
  2 frilled lizards
  A quokka skeleton (D:4)
  A quokka zombie (D:6)
  A rat (D:2)
84 creatures vanquished.

Notes
Turn   | Place    | Note
-------+----------+-------------------------------------------
     0 | D:1      | Flugslaktarn the Deep Dwarf Fighter began the quest for the
                  | Orb.
     0 | D:1      | Reached XP level 1. HP: 20/20 MP: 1/1
    73 | D:2      | Reached XP level 2. HP: 27/27 MP: 2/2
   168 | D:2      | Reached skill level 3 in Axes
   168 | D:2      | Reached XP level 3. HP: 28/34 MP: 3/3
   250 | D:3      | Reached XP level 4. HP: 40/42 MP: 3/3
   426 | D:4      | Found a burning altar of Makhleb.
   435 | D:4      | Became a worshipper of Makhleb the Destroyer
   484 | D:4      | Reached skill level 4 in Axes
   484 | D:4      | Reached XP level 5. HP: 45/49 MP: 4/4
   489 | D:4      | Noticed an ogre
   495 | D:4      | Killed an ogre
   495 | D:4      | Reached skill level 1 in Invocations
   801 | D:4      | Reached XP level 6. HP: 51/56 MP: 5/5
  1131 | D:5      | Entered Level 5 of the Dungeon
  1191 | D:5      | Reached skill level 5 in Axes
  1215 | D:5      | Found a hazy altar of Hepliaklqana.
  1396 | D:5      | HP: 2/57 [orc wizard/+0 dagger (1)]
  1532 | D:5      | Reached XP level 7. HP: 50/63 MP: 3/5
  1574 | D:5      | Found a shattered altar of Ashenzari.
  1716 | D:5      | Found a shimmering blue altar of Sif Muna.
  1976 | D:6      | Reached * piety under Makhleb
  1976 | D:6      | Reached skill level 5 in Armour
  1976 | D:6      | Reached skill level 5 in Shields
  1991 | D:6      | Reached skill level 6 in Axes
  2219 | D:6      | Reached XP level 8. HP: 50/73 MP: 5/7
  2432 | D:7      | Reached skill level 7 in Axes
  2452 | D:7      | Slain by a wight

Levels and vault maps discovered:
D:1:      dpeg_arrival_rhombus, layout_basic
D:2:      layout_loops_ring, dancing_weapons_uskayaw,
          gammafunk_temple_overflow_statue
D:3:      layout_basic, lemuel_doored_altar
D:4:      layout_basic, makhleb_heckhound_becter, first_ration
D:5:      layout_cave_pools, nicolae_overflow_hidden_temple,
          nicolae_overflow_crystal_walls, chequers_serial_rivers_micro_b
D:6:      minmay_klotski, layout_gridville, uniq_maggie, uniq_sigmund
D:7:      layout_cave_pools, minmay_temple_entry_antechambers, uniq_joseph

Skill      XL: |  1  2  3  4  5  6  7  8 |
---------------+-------------------------+-----
Fighting       | 3 4 |  4.8
Axes           | 3 4 5 6 7 |  7.1
Shields        | 4 5 |  5.7
Armour         | 4 5 |  5.7
Invocations    | 1 2 4 |  4.6

Action                   |  1- 3 |  4- 6 |  7- 9 || total
-------------------------+-------+-------+-------++-------
Melee: War axe           |    70 |   144 |   135 ||   349
 Abil: Heal Wounds       |     4 |     6 |    11 ||    21
  Use: Scroll            |       |     5 |       ||     5
       Potion            |       |       |     1 ||     1
  Eat: Chunk             |       |     3 |     3 ||     6
Armor: Scale mail        |    34 |    66 |    84 ||   184
Dodge: Dodged            |    28 |    52 |    61 ||   141
Block: Kite shield       |    47 |    78 |   118 ||   243

Table legend:
 A = Non-vault XP
 B = Vault XP
 C = Vault XP percentage of total XP
 D = Non-vault monster count
 E = Vault monster count
 F = Vault count percentage of total count
                 A         B        C        D         E       F
            +---------+---------+-------+---------+---------+-------
      Total |    1995 |      43 |   2.1 |      83 |       1 |   1.2
            +---------+---------+-------+---------+---------+-------
        D:1 |      10 |       0 |   0.0 |       5 |       0 |   0.0
        D:2 |      82 |       0 |   0.0 |      19 |       0 |   0.0
        D:3 |      22 |       0 |   0.0 |       5 |       0 |   0.0
        D:4 |     366 |      43 |  10.5 |      14 |       1 |   6.7
        D:5 |     289 |       0 |   0.0 |      10 |       0 |   0.0
        D:6 |     776 |       0 |   0.0 |      18 |       0 |   0.0
        D:7 |     450 |       0 |   0.0 |      12 |       0 |   0.0
            +---------+---------+-------+---------+---------+-------
